cohdb
Replays
Latest Replays
All Replays
Popular Replays
Top Player Replays
Match Explorer
How It Works
Community
CoH3 Stats
Reddit
Sign in to upload your games and track your stats! →
Sign in with Steam
Match 37904662
Unlisted
Match 37904662
Overview
Messages
Build Orders
End
250 Light Carrier
Selects Italian Combined Arms Battlegroup
Selects Bersaglieri Squad
Bersaglieri Squad
Bersaglieri Squad
Bersaglieri Squad
Construct Light Support Kompanie
Bersaglieri Squad
2.5-tonne Medical Truck
Panzerjäger Mechanized Group
Selects Semovente da 75/18 Assault Gun
Semovente da 75/18 Assault Gun
Bersaglieri Squad
Construct Mechanized Kompanie
Marder III Tank Destroyer
8 Rad Armored Car
Selects Strafing Run
Strafing Run
Bersaglieri Squad
Selects Artillery Cover
Selects Bersaglieri Bolster
Selects Breda Model 30 Light Machine Guns
Selects Bersaglieri Bolster
Selects Vehicle Support - Force Recon
Strafing Run
beepjeep
Husar
jakob18516
Black Flags In The Fire
Muhwagwa
Markie21marc
flexthe3rd
Johnny
0
0
Comments
sign in to comment!
No comments posted yet!